General information
- name: BNet
- type: Ladder team game (AT/RT)
- host: Battle.net
- saver: nutsonYOchin.de
map: Battleground
- players: 8
- length: 65:38
- speed: Fast
- version: 1.21 W3XP
- replay type:

» download(419 KB)
Players
team 1 (winner)
ChiefSitsOnDix (
orange | 36 APM | 2353 actions | 65:38)
4 Archmage
2 Blizzard
2 Brilliance Aura
4 Blood Mage
2 Flame Strike
2 Siphon Mana
» actions
| Assign group hotkey | 19 | |
| Basic commands | 70 | |
| Build / train | 131 | |
| ESC pressed | 9 | |
| Enter build submenu | 59 | |
| Enter hero's abilities submenu | 8 | |
| Give item / drop item | 6 | |
| Right click | 627 | |
| Select / deselect | 573 | |
| Select group hotkey | 562 | |
| Use ability | 289 | |
2353 total
» units
| Peasant | 16 | |
| Sorceress | 2 | |
| Priest | 3 | |
| Dragonhawk Rider | 16 | |
37 total
» upgrades
| Masonry | 3 | |
| Lumber Harvesting | 2 | |
| Magic Sentry | 1 | |
| Sorceress Training | 2 | |
| Priest Training | 2 | |
| Armor | 3 | |
| Swords | 3 | |
| Animal War Training | 1 | |
| Cloud | 1 | |
| Long Rifles | 1 | |
| Defend | 1 | |
20 total
» buildings
| Altar of Kings | 1 | |
| Lumber Mill | 1 | |
| Farm | 10 | |
| Scout Tower | 59 | |
| Arcane Tower | 7 | |
| Guard Tower | 33 | |
| Keep | 1 | |
| Castle | 1 | |
| Arcane Sanctum | 1 | |
| Arcane Vault | 3 | |
| Blacksmith | 1 | |
| Gryphon Aviary | 1 | |
| Barracks | 1 | |
120 total
» build order
00:07 Altar of Kings
00:13 Lumber Mill
00:24 Farm
01:24 Farm
01:43 Scout Tower
02:22 Scout Tower
02:39 Scout Tower
02:41 Scout Tower
02:49 Scout Tower
02:50 Scout Tower
02:50 Arcane Tower
03:04 Scout Tower
03:19 Guard Tower
03:21 Scout Tower
03:21 Scout Tower
03:33 Scout Tower
03:35 Scout Tower
03:36 Guard Tower
03:54 Scout Tower
03:56 Guard Tower
03:58 Scout Tower
04:15 Guard Tower
04:22 Guard Tower
04:24 Scout Tower
04:24 Guard Tower
04:28 Guard Tower
04:43 Guard Tower
04:51 Scout Tower
04:55 Scout Tower
05:10 Scout Tower
05:19 Keep
05:25 Scout Tower
05:59 Guard Tower
06:00 Scout Tower
06:09 Guard Tower
06:11 Scout Tower
06:16 Scout Tower
06:17 Scout Tower
06:26 Farm
06:27 Farm
06:31 Guard Tower
06:32 Scout Tower
06:37 Guard Tower
06:40 Guard Tower
06:44 Scout Tower
07:21 Guard Tower
07:25 Guard Tower
07:27 Guard Tower
08:02 Scout Tower
08:03 Scout Tower
08:04 Scout Tower
08:35 Castle
08:43 Guard Tower
08:45 Scout Tower
08:46 Scout Tower
08:46 Scout Tower
09:39 Guard Tower
09:42 Scout Tower
09:43 Scout Tower
09:45 Scout Tower
09:46 Scout Tower
09:46 Scout Tower
10:30 Guard Tower
10:34 Scout Tower
10:39 Scout Tower
10:43 Guard Tower
10:55 Arcane Sanctum
11:10 Scout Tower
11:12 Scout Tower
11:33 Guard Tower
11:37 Scout Tower
11:39 Scout Tower
11:47 Arcane Tower
12:07 Guard Tower
12:09 Guard Tower
12:17 Arcane Tower
12:22 Arcane Vault
12:27 Arcane Vault
12:38 Scout Tower
13:09 Guard Tower
16:53 Scout Tower
16:53 Scout Tower
17:24 Guard Tower
17:27 Guard Tower
18:15 Scout Tower
18:16 Scout Tower
19:02 Guard Tower
20:42 Scout Tower
20:45 Scout Tower
21:13 Scout Tower
21:13 Scout Tower
21:14 Scout Tower
21:15 Scout Tower
21:16 Scout Tower
21:17 Scout Tower
21:56 Guard Tower
21:58 Guard Tower
21:59 Guard Tower
22:04 Guard Tower
22:06 Guard Tower
23:07 Blacksmith
23:08 Gryphon Aviary
23:45 Guard Tower
23:54 Barracks
26:04 Farm
26:05 Farm
26:06 Farm
28:59 Farm
28:59 Farm
29:00 Farm
32:56 Arcane Vault
38:05 Arcane Tower
38:21 Arcane Tower
38:48 Scout Tower
38:49 Scout Tower
39:52 Arcane Tower
47:39 Scout Tower
47:41 Scout Tower
47:42 Scout Tower
48:58 Arcane Tower
» items
| Boots of Speed | 2 | |
| Staff of Teleportation | 2 | |
| Lesser Clarity Potion | 4 | |
| Healing Salve | 2 | |
| Staff of Sanctuary | 2 | |
| Orb of Lightning | 2 | |
| Scroll of Town Portal | 1 | |
| Ivory Tower | 3 | |
| Potion of Lesser Invulnerability | 2 | |
20 total
iggy_the_fisk (
blue | 88 APM | 5744 actions | 65:38)
6 Mountain King
3 Storm Bolt
2 Bash
1 Avatar
5 Pandaren Brewmaster
3 Breath of Fire
1 Drunken Haze
1 Drunken Brawler
5 Dark Ranger
3 Silence
2 Life Drain
» actions
| Assign group hotkey | 378 | |
| Basic commands | 22 | |
| Build / train | 145 | |
| Enter build submenu | 102 | |
| Enter hero's abilities submenu | 15 | |
| Give item / drop item | 15 | |
| Remove unit from queue | 1 | |
| Right click | 2466 | |
| Select / deselect | 577 | |
| Select group hotkey | 1728 | |
| Use ability | 295 | |
5744 total
» units
| Peasant | 24 | |
| Priest | 1 | |
| Dragonhawk Rider | 8 | |
33 total
» upgrades
| Masonry | 4 | |
| Lumber Harvesting | 2 | |
| Magic Sentry | 1 | |
| Priest Training | 1 | |
| Swords | 3 | |
| Armor | 3 | |
| Animal War Training | 1 | |
15 total
» buildings
| Altar of Kings | 1 | |
| Lumber Mill | 5 | |
| Farm | 15 | |
| Scout Tower | 71 | |
| Arcane Tower | 3 | |
| Guard Tower | 47 | |
| Keep | 2 | |
| Arcane Vault | 1 | |
| Town Hall | 3 | |
| Arcane Sanctum | 1 | |
| Castle | 2 | |
| Blacksmith | 1 | |
| Barracks | 1 | |
| Gryphon Aviary | 4 | |
157 total
» build order
00:07 Altar of Kings
00:19 Lumber Mill
00:23 Farm
00:59 Scout Tower
01:11 Scout Tower
01:21 Farm
01:45 Arcane Tower
02:05 Scout Tower
02:21 Guard Tower
02:24 Scout Tower
02:50 Scout Tower
03:04 Scout Tower
03:13 Guard Tower
03:14 Scout Tower
03:19 Arcane Tower
03:21 Scout Tower
03:44 Guard Tower
04:00 Guard Tower
04:01 Scout Tower
04:11 Scout Tower
04:29 Guard Tower
04:30 Scout Tower
04:45 Scout Tower
04:45 Guard Tower
04:54 Keep
05:01 Guard Tower
05:34 Guard Tower
05:46 Scout Tower
05:54 Scout Tower
06:15 Guard Tower
06:19 Scout Tower
06:22 Scout Tower
06:49 Guard Tower
07:18 Arcane Vault
07:26 Scout Tower
07:52 Town Hall
07:54 Guard Tower
07:56 Farm
07:57 Farm
08:21 Guard Tower
08:24 Scout Tower
08:25 Scout Tower
08:26 Scout Tower
08:27 Scout Tower
08:27 Scout Tower
08:28 Scout Tower
08:31 Scout Tower
08:32 Scout Tower
09:09 Guard Tower
09:11 Arcane Sanctum
09:27 Guard Tower
09:35 Scout Tower
10:08 Guard Tower
10:09 Scout Tower
10:11 Scout Tower
10:13 Guard Tower
10:15 Scout Tower
11:29 Guard Tower
11:29 Guard Tower
11:29 Guard Tower
11:33 Guard Tower
11:47 Guard Tower
11:48 Guard Tower
11:53 Guard Tower
11:55 Scout Tower
12:04 Scout Tower
12:21 Scout Tower
12:23 Scout Tower
12:26 Castle
12:32 Guard Tower
12:34 Scout Tower
12:35 Scout Tower
12:35 Scout Tower
12:41 Scout Tower
12:43 Guard Tower
12:45 Scout Tower
12:51 Guard Tower
13:53 Guard Tower
13:59 Guard Tower
14:00 Scout Tower
14:00 Scout Tower
14:09 Blacksmith
14:12 Barracks
15:01 Guard Tower
15:03 Gryphon Aviary
16:41 Town Hall
16:46 Keep
19:26 Castle
19:28 Gryphon Aviary
21:33 Town Hall
23:28 Lumber Mill
27:53 Farm
29:19 Farm
29:21 Farm
29:39 Farm
29:42 Gryphon Aviary
29:43 Gryphon Aviary
30:22 Scout Tower
30:25 Scout Tower
30:27 Scout Tower
30:30 Scout Tower
30:36 Farm
30:38 Farm
30:57 Guard Tower
30:57 Guard Tower
31:03 Scout Tower
31:34 Guard Tower
32:55 Farm
32:57 Farm
34:02 Scout Tower
34:03 Scout Tower
34:35 Farm
35:00 Guard Tower
35:01 Scout Tower
36:01 Farm
36:02 Farm
37:25 Guard Tower
37:33 Scout Tower
38:09 Arcane Tower
38:12 Scout Tower
38:14 Scout Tower
38:26 Scout Tower
39:05 Lumber Mill
39:49 Lumber Mill
40:16 Lumber Mill
41:18 Guard Tower
43:19 Scout Tower
43:26 Scout Tower
43:52 Scout Tower
43:54 Guard Tower
44:07 Scout Tower
44:09 Scout Tower
44:14 Guard Tower
44:22 Scout Tower
44:23 Guard Tower
44:45 Guard Tower
45:01 Guard Tower
45:05 Scout Tower
45:08 Scout Tower
45:09 Scout Tower
45:12 Scout Tower
45:19 Scout Tower
45:30 Scout Tower
45:54 Guard Tower
45:57 Scout Tower
46:18 Guard Tower
46:37 Guard Tower
46:39 Scout Tower
46:41 Scout Tower
46:48 Scout Tower
46:55 Scout Tower
47:10 Guard Tower
47:16 Guard Tower
47:27 Scout Tower
47:42 Scout Tower
48:23 Guard Tower
48:29 Guard Tower
» items
| Boots of Speed | 3 | |
| Staff of Teleportation | 3 | |
| Healing Salve | 2 | |
| Lesser Clarity Potion | 3 | |
| Orb of Lightning | 2 | |
| Scroll of Town Portal | 4 | |
| Staff of Sanctuary | 2 | |
| Scroll of Regeneration | 1 | |
| Orb of Venom | 1 | |
21 total
nutsonYOchin.de (
teal | 64 APM | 4172 actions | 65:38)
5 Warden
3 Shadow Strike
2 Blink
4 Pandaren Brewmaster
2 Breath of Fire
2 Drunken Haze
» actions
| Assign group hotkey | 12 | |
| Basic commands | 47 | |
| Build / train | 117 | |
| ESC pressed | 4 | |
| Enter build submenu | 25 | |
| Enter hero's abilities submenu | 9 | |
| Give item / drop item | 7 | |
| Right click | 2277 | |
| Select / deselect | 370 | |
| Select group hotkey | 820 | |
| Use ability | 484 | |
4172 total
» units
| Wisp | 27 | |
| Druid of the Talon | 42 | |
69 total
» upgrades
| Nature's Blessing | 1 | |
| Druid of the Talon Training | 2 | |
| Ultravision | 1 | |
| Well Spring | 1 | |
| Strength of the Wild | 3 | |
| Reinforced Hides | 3 | |
| Mark of the Talon | 1 | |
12 total
» buildings
| Altar of Elders | 1 | |
| Moon Well | 15 | |
| Tree of Ages | 1 | |
| Tree of Life | 1 | |
| Ancient of Wonders | 2 | |
| Tree of Eternity | 1 | |
| Ancient of Wind | 3 | |
| Hunter's Hall | 1 | |
25 total
» build order
00:08 Altar of Elders
00:24 Moon Well
01:51 Moon Well
05:37 Moon Well
05:44 Tree of Ages
07:55 Tree of Life
09:09 Ancient of Wonders
09:10 Ancient of Wonders
10:31 Tree of Eternity
10:33 Ancient of Wind
13:07 Ancient of Wind
15:07 Hunter's Hall
27:57 Ancient of Wind
30:07 Moon Well
30:09 Moon Well
30:14 Moon Well
30:21 Moon Well
30:22 Moon Well
30:27 Moon Well
31:03 Moon Well
31:09 Moon Well
32:09 Moon Well
32:31 Moon Well
32:38 Moon Well
34:19 Moon Well
» items
| Staff of Teleportation | 2 | |
| Boots of Speed | 2 | |
| Healing Salve | 4 | |
| Lesser Clarity Potion | 7 | |
| Staff of Preservation | 2 | |
| Orb of Venom | 1 | |
| Orb of Lightning | 1 | |
| Potion of Mana | 1 | |
| Tiny Great Hall | 1 | |
21 total
TylerKerr (
green | 87 APM | 5739 actions | 65:38)
9 Blademaster
3 Wind Walk
2 Critical Strike
1 Bladestorm
3 Mirror Image
» actions
| Assign group hotkey | 11 | |
| Basic commands | 31 | |
| Build / train | 83 | |
| Enter build submenu | 73 | |
| Enter hero's abilities submenu | 10 | |
| Give item / drop item | 7 | |
| Remove unit from queue | 2 | |
| Right click | 4111 | |
| Select / deselect | 455 | |
| Select group hotkey | 707 | |
| Use ability | 248 | |
5739 total
» units
» upgrades
| Spiked Barricades | 1 | |
| Ranged Weapons | 2 | |
| Armor | 2 | |
| Liquid Fire | 1 | |
| Reinforced Defenses | 1 | |
7 total
» buildings
| Altar of Storms | 2 | |
| Orc Burrow | 11 | |
| War Mill | 1 | |
| Watch Tower | 43 | |
| Voodoo Lounge | 4 | |
| Stronghold | 1 | |
| Fortress | 1 | |
| Beastiary | 4 | |
| Great Hall | 1 | |
68 total
» build order
00:11 Altar of Storms
00:20 Orc Burrow
00:38 War Mill
02:03 Watch Tower
02:06 Watch Tower
02:56 Watch Tower
03:27 Watch Tower
04:08 Voodoo Lounge
04:10 Watch Tower
04:13 Voodoo Lounge
04:15 Watch Tower
04:29 Watch Tower
04:37 Watch Tower
05:45 Watch Tower
05:49 Watch Tower
05:56 Stronghold
06:03 Orc Burrow
06:04 Orc Burrow
06:06 Orc Burrow
06:21 Watch Tower
06:55 Watch Tower
06:57 Watch Tower
07:57 Watch Tower
08:45 Watch Tower
08:47 Watch Tower
08:52 Fortress
08:56 Beastiary
10:04 Watch Tower
10:05 Watch Tower
10:14 Voodoo Lounge
10:18 Beastiary
11:49 Watch Tower
11:50 Watch Tower
11:55 Watch Tower
12:00 Watch Tower
12:01 Watch Tower
13:02 Watch Tower
14:04 Watch Tower
14:06 Watch Tower
17:48 Watch Tower
18:22 Great Hall
18:25 Watch Tower
18:26 Watch Tower
18:30 Watch Tower
18:34 Watch Tower
18:41 Watch Tower
20:23 Watch Tower
20:24 Watch Tower
20:25 Watch Tower
20:28 Watch Tower
20:29 Watch Tower
20:41 Watch Tower
21:36 Watch Tower
23:29 Watch Tower
23:32 Watch Tower
25:45 Watch Tower
25:46 Watch Tower
30:46 Beastiary
30:46 Orc Burrow
30:47 Orc Burrow
30:49 Orc Burrow
30:50 Orc Burrow
30:51 Beastiary
31:57 Altar of Storms
32:05 Orc Burrow
39:22 Voodoo Lounge
39:30 Orc Burrow
39:33 Orc Burrow
» items
| Boots of Speed | 1 | |
| Healing Salve | 4 | |
| Lesser Clarity Potion | 7 | |
| Orb of Lightning | 1 | |
| Scroll of Town Portal | 2 | |
| Staff of Teleportation | 1 | |
16 total
team 2 (loser)
A-P-M-9I-H (
red | 31 APM | 874 actions | 28:13)
1 Blademaster
1 Wind Walk
» actions
| Basic commands | 1 | |
| Build / train | 66 | |
| Enter build submenu | 16 | |
| Enter hero's abilities submenu | 1 | |
| Remove unit from queue | 4 | |
| Right click | 375 | |
| Select / deselect | 384 | |
| Use ability | 27 | |
874 total
» units
| Peon | 18 | |
| Grunt | 2 | |
| Troll Batrider | 31 | |
| Shaman | 2 | |
53 total
» upgrades
| Shaman Training | 2 | |
| Liquid Fire | 1 | |
3 total
» buildings
| Orc Burrow | 7 | |
| Altar of Storms | 1 | |
| Barracks | 1 | |
| Stronghold | 1 | |
| Beastiary | 2 | |
| Voodoo Lounge | 2 | |
| Spirit Lodge | 1 | |
| Fortress | 1 | |
| Great Hall | 1 | |
17 total
» build order
00:10 Orc Burrow
00:12 Altar of Storms
00:25 Barracks
02:06 Orc Burrow
04:34 Stronghold
05:38 Orc Burrow
06:56 Beastiary
06:59 Beastiary
08:22 Voodoo Lounge
08:28 Voodoo Lounge
09:40 Spirit Lodge
11:51 Orc Burrow
12:40 Orc Burrow
13:33 Fortress
16:15 Orc Burrow
17:59 Great Hall
20:30 Orc Burrow
» items
| Scroll of Regeneration | 1 | |
| Healing Salve | 1 | |
2 total

»
ak47m (
purple | 40 APM | 2513 actions | 63:29)
6 Archmage
3 Summon Water Elemental
2 Brilliance Aura
1 Mass Teleport
1 Blademaster
1 Critical Strike
» actions
| Assign group hotkey | 74 | |
| Build / train | 120 | |
| Enter build submenu | 15 | |
| Enter hero's abilities submenu | 7 | |
| Remove unit from queue | 13 | |
| Right click | 1142 | |
| Select / deselect | 558 | |
| Select group hotkey | 475 | |
| Use ability | 109 | |
2513 total
» units
| Peasant | 8 | |
| Footman | 3 | |
| Rifleman | 3 | |
| Mortar Team | 16 | |
| Knight | 9 | |
| Priest | 15 | |
| Siege Engine | 18 | |
| Troll Batrider | 5 | |
| Shaman | 8 | |
| Peon | 1 | |
86 total
» upgrades
| Lumber Harvesting | 1 | |
| Priest Training | 2 | |
| Animal War Training | 1 | |
| Barrage | 1 | |
| Plating | 1 | |
6 total
» buildings
| Altar of Kings | 1 | |
| Farm | 13 | |
| Barracks | 1 | |
| Scout Tower | 3 | |
| Arcane Tower | 1 | |
| Lumber Mill | 1 | |
| Keep | 1 | |
| Arcane Vault | 1 | |
| Guard Tower | 1 | |
| Blacksmith | 1 | |
| Castle | 1 | |
| Workshop | 1 | |
| Arcane Sanctum | 1 | |
27 total
» build order
00:08 Altar of Kings
00:10 Farm
00:14 Barracks
01:22 Farm
01:23 Farm
01:30 Scout Tower
01:31 Scout Tower
01:32 Scout Tower
02:12 Arcane Tower
03:22 Lumber Mill
03:52 Keep
04:05 Arcane Vault
04:27 Guard Tower
04:49 Blacksmith
04:52 Farm
04:54 Farm
06:45 Castle
06:57 Workshop
07:54 Arcane Sanctum
07:58 Farm
07:58 Farm
07:59 Farm
09:45 Farm
19:05 Farm
19:05 Farm
19:06 Farm
19:06 Farm
» items
| Scroll of Regeneration | 2 | |
| Dust of Appearance | 1 | |
3 total

»
biryk (
yellow | 29 APM | 1875 actions | 64:28)
4 Mountain King
2 Storm Bolt
2 Bash
» actions
| Basic commands | 5 | |
| Build / train | 106 | |
| Enter build submenu | 30 | |
| Enter hero's abilities submenu | 4 | |
| Remove unit from queue | 2 | |
| Right click | 1018 | |
| Select / deselect | 633 | |
| Use ability | 77 | |
1875 total
» units
| Peasant | 7 | |
| Footman | 1 | |
| Rifleman | 5 | |
| Sorceress | 5 | |
| Mortar Team | 10 | |
| Priest | 7 | |
| Siege Engine | 3 | |
| Knight | 1 | |
| Dragonhawk Rider | 31 | |
| Troll Batrider | 10 | |
| Gryphon Rider | 7 | |
87 total
» upgrades
» buildings
| Altar of Kings | 1 | |
| Farm | 11 | |
| Barracks | 1 | |
| Blacksmith | 1 | |
| Lumber Mill | 1 | |
| Scout Tower | 2 | |
| Keep | 1 | |
| Arcane Sanctum | 1 | |
| Workshop | 1 | |
| Guard Tower | 1 | |
| Cannon Tower | 2 | |
| Castle | 1 | |
| Gryphon Aviary | 3 | |
| Arcane Vault | 1 | |
| Town Hall | 1 | |
| Beastiary | 1 | |
30 total
» build order
00:05 Altar of Kings
00:08 Farm
00:45 Barracks
01:31 Blacksmith
01:40 Farm
02:50 Farm
02:57 Lumber Mill
04:02 Scout Tower
04:07 Keep
04:56 Farm
05:55 Scout Tower
06:00 Farm
06:37 Arcane Sanctum
06:55 Workshop
07:09 Farm
08:16 Guard Tower
09:38 Cannon Tower
09:40 Cannon Tower
12:03 Farm
12:08 Castle
13:13 Farm
14:00 Farm
17:20 Gryphon Aviary
17:27 Gryphon Aviary
17:32 Gryphon Aviary
18:50 Arcane Vault
19:00 Farm
21:06 Farm
53:08 Town Hall
54:27 Beastiary
» items
| Ivory Tower | 2 | |
| Orb of Fire | 1 | |
| Potion of Healing | 1 | |
4 total

»
Snoop[DOG] (
pink | 51 APM | 3359 actions | 65:37)
5 Demon Hunter
2 Mana Burn
3 Evasion
3 Blademaster
2 Critical Strike
1 Wind Walk
» actions
| Assign group hotkey | 46 | |
| Basic commands | 2 | |
| Build / train | 165 | |
| Enter build submenu | 18 | |
| Enter hero's abilities submenu | 8 | |
| Remove unit from queue | 5 | |
| Right click | 2148 | |
| Select / deselect | 533 | |
| Select group hotkey | 305 | |
| Use ability | 129 | |
3359 total
» units
| Wisp | 22 | |
| Archer | 6 | |
| Huntress | 2 | |
| Glaive Thrower | 3 | |
| Chimaera | 59 | |
| Mountain Giant | 2 | |
| Troll Batrider | 3 | |
| Shaman | 6 | |
103 total
» upgrades
| Vorpal Blades | 1 | |
| Corrosive Breath | 1 | |
| Strength of the Wild | 3 | |
| Reinforced Hides | 1 | |
| Well Spring | 1 | |
| Hardened Skin | 1 | |
8 total
» buildings
| Altar of Elders | 1 | |
| Moon Well | 9 | |
| Ancient of War | 1 | |
| Hunter's Hall | 1 | |
| Tree of Ages | 5 | |
| Tree of Eternity | 5 | |
| Ancient of Wind | 1 | |
| Chimaera Roost | 3 | |
| Ancient of Lore | 2 | |
| Ancient of Wonders | 1 | |
29 total
» build order
00:05 Altar of Elders
00:14 Moon Well
00:24 Ancient of War
01:36 Moon Well
02:23 Hunter's Hall
03:51 Tree of Ages
03:52 Tree of Ages
03:52 Tree of Ages
03:55 Moon Well
04:51 Moon Well
06:13 Tree of Eternity
06:13 Tree of Eternity
06:13 Tree of Eternity
06:34 Ancient of Wind
08:48 Chimaera Roost
08:49 Chimaera Roost
08:50 Chimaera Roost
09:36 Moon Well
09:37 Moon Well
11:35 Moon Well
12:47 Moon Well
13:50 Moon Well
24:34 Ancient of Lore
24:37 Ancient of Wonders
25:23 Ancient of Lore
» items
| Scroll of Regeneration | 2 | |
| Lesser Clarity Potion | 2 | |
| Healing Salve | 1 | |
| Dust of Appearance | 3 | |
8 total
Chat log
(00:48 / All) iggy_the_fisk: hohohhej
(11:55 / Allies) iggy_the_fisk: gold
(20:15 / All) TylerKerr: Owne
(23:37 / All) TylerKerr: why
(23:48 / All) TylerKerr: excuse me; i forgot to ask :)
(23:50 / All) TylerKerr: from?
(39:59 / All) iggy_the_fisk: lol usual ne imba...
(41:04 / All) ChiefSitsOnDix: I told my allies this no work
(41:10 / All) ChiefSitsOnDix: but they say 'make towers'
(50:25 / Allies) nutsonYOchin.de: ROFL russia map hack lmfao
(50:28 / All) nutsonYOchin.de: enjoy cd key ban
(50:32 / All) nutsonYOchin.de: ))
(50:51 / All) iggy_the_fisk: Mapheck still lose facking naps ))
(51:02 / All) Snoop[DOG]: .!.
(51:08 / All) ChiefSitsOnDix: noobs :)
(51:13 / All) biryk: хакеры?
(51:20 / All) ChiefSitsOnDix: noobs :)
(52:54 / All) nutsonYOchin.de: naps fock you
(52:59 / All) nutsonYOchin.de: ROFL pow
(56:02 / All) TylerKerr: LOL
(58:07 / All) TylerKerr: :) noob
(58:08 / All) iggy_the_fisk: out of dast
(60:48 / All) nutsonYOchin.de: FUH Q
(60:56 / All) ChiefSitsOnDix: noobs :)
(60:59 / All) ChiefSitsOnDix: we like noobs :)
(61:02 / All) ChiefSitsOnDix: they give us wins :)
(61:03 / All) TylerKerr: NO
(61:05 / All) TylerKerr: I HATE NOOBS
(62:00 / All) TylerKerr: double kill
(63:44 / All) TylerKerr: ALL right biryik
(63:45 / All) TylerKerr: go
(63:47 / All) TylerKerr: get out
(64:57 / All) TylerKerr: bye snioooo
(64:58 / Allies) TylerKerr: p
(65:00 / All) TylerKerr: P